 Dungeon Crawl Stone Soup version 0.26-a0-30-g56b8cd3df0 (webtiles) character file.

Game seed: 15741983330407147980, levelgen mode: deterministic

2305 vurker the Magician (level 9, -10/67 HPs)
             Began as a Human Wizard on May 31, 2020.
             Was a Follower of Vehumet.
             Mangled by an anaconda (shapeshifter) (13 damage)
             ... on level 8 of the Dungeon.
             The game lasted 00:15:28 (9916 turns).

vurker the Magician (Human Wizard)                  Turns: 9916, Time: 00:15:29

Health: -10/67     AC:  5    Str:  8    XL:     9   Next: 68%
Magic:  18/19      EV: 10    Int: 21    God:    Vehumet [*.....]
Gold:   398        SH:  0    Dex: 12    Spells: 15/22 levels left

rFire    . . .     SeeInvis .   v - +3 quarterstaff (chaos)
rCold    . . .     Gourm    .   (shield currently unavailable)
rNeg     . . .     Faith    .   a - +0 robe
rPois    .         Spirit   .   s - +1 helmet
rElec    .         Reflect  .   g - +0 cloak
rCorr    .         Harm     .   (no gloves)
MR       .....                  (no boots)
Stlth    ++........             r - amulet of magic regeneration
HPRegen  0.21/turn              (no ring)
MPRegen  0.41/turn              (no ring)

@: constricted
A: no striking features
a: Renounce Religion


You were on level 8 of the Dungeon.
You worshipped Vehumet.
Vehumet was aware of your devotion.
You were not hungry.

You visited 2 branches of the dungeon, and saw 9 of its levels.
You also visited: Ossuary.

You collected 398 gold pieces.

Inventory:

Hand Weapons
 b - a +1 short sword of venom
   (You took it off an orc on level 4 of the Dungeon)
 v - a +3 quarterstaff of chaos (weapon)
   (You took it off Crazy Yiuf on level 6 of the Dungeon)
Armour
 a - a +0 robe (worn)
 g - a +0 cloak (worn)
   (You took it off Crazy Yiuf on level 6 of the Dungeon)
 s - a +1 helmet (worn)
   (You took it off Robin on level 3 of the Dungeon)
Magical Staves
 o - an uncursed staff of cold
   (You found it on level 7 of the Dungeon)
Jewellery
 r - an amulet of magic regeneration (around neck)
   (You found it on level 2 of the Dungeon)
Wands
 t - a wand of flame (27)
   (You found it on level 7 of the Dungeon)
 u - a wand of paralysis (8)
   (You found it on level 5 of the Dungeon)
Scrolls
 d - 5 scrolls of remove curse
 f - 2 scrolls of magic mapping
 h - a scroll of enchant armour
 j - 2 scrolls of teleportation
 q - 2 scrolls of fear
Potions
 c - a potion of invisibility
 i - 2 potions of flight
 k - 2 potions of curing
 l - a potion of mutation
 m - a potion of ambrosia {unknown}
 n - 2 potions of heal wounds
 p - a potion of lignification
 w - a potion of experience {unknown}
Comestibles
 e - 11 rations
 x - a chunk of flesh


   Skills:
 + Level 4.8 Fighting
 + Level 3.6 Dodging
 - Level 2.0 Stealth
 * Level 7.2 Spellcasting
 + Level 6.4 Conjurations
 - Level 1.0 Summonings
 - Level 1.0 Translocations
 * Level 4.5 Ice Magic


You had 15 spell levels left.
You knew the following spells:

 Your Spells              Type           Power        Failure   Level  Hunger
a - Magic Dart            Conj           ####         1%          1    None
b - Call Imp              Summ           ##......     9%          2    None
p - Ensorcelled Hibernat  Hex/Ice        ###...       5%          2    None
w - Blink                 Tloc           N/A          9%          2    None

Your spell library contained the following spells:

 Spells                   Type           Power        Failure   Level  Hunger
 Shock                    Conj/Air       ###.         2%          1    None
 Conjure Flame            Conj/Fire      ###.....     7%          3    None
 Dazzling Flash           Conj/Hex       ###...       7%          3    None
 Corona                   Hex            #......      9%          1    None
 Mephitic Cloud           Conj/Pois/Air  ###.....     11%         3    None
 Slow                     Hex            #.......     13%         2    None
 Confusing Touch          Hex            #.......     26%         3    None
 Tukima's Dance           Hex            #.......     26%         3    None


Dungeon Overview and Level Annotations

Branches:
Dungeon (8/15)             Temple (1/1) D:7         Ossuary (visited)
   Lair: D:8-11

Altars:
Cheibriados
Fedhas
Gozag
Hepliaklqana
Nemelex Xobeh
Okawaru
Ru
Vehumet
Xom
Zin

Annotations:
D:4 1 runed translucent door, tilp's ghost, amateur KoAM


Message History

There is an open door here.
There is an open door here.
Done exploring.
Done exploring.
Done exploring.
You see here a scale mail.
Eating one of 2 chunks of flesh.
You eat one of the 2 chunks of flesh.
You see here 18 stones.
There is an escape hatch in the ceiling here.
There is a stone staircase leading down here.
You climb downwards.
A wyvern and a centaur come into view.
Found a ring mail and a ration.
There is a stone staircase leading up here.
Aim: a centaur, quivering 19 arrows (asleep)
The magic dart hits the centaur.
The centaur shouts!
The wyvern hisses angrily.
The centaur wields a +0 shortbow.
The centaur shoots an arrow.
The arrow hits you!
Found 19 gold pieces.
You hit the centaur.
The centaur is poisoned.
The centaur unwields a +0 shortbow.
The centaur hits you! The centaur barely misses you.
You hit the centaur. You burn the centaur. The centaur hits you.
The centaur closely misses you.
Aim: a centaur, quivering 18 arrows (heavily wounded, very poisoned)
The magic dart hits the centaur.
The wyvern bites you!
* * * LOW HITPOINT WARNING * * *
The centaur barely misses you.
The wyvern bites you but does no damage.
A beastly little devil appears in a puff of flame.
The centaur hits you but does no damage.
The wyvern misses you. The centaur hits you.
* * * LOW HITPOINT WARNING * * *
The centaur hits you!
* * * LOW HITPOINT WARNING * * *
The wyvern bites you but does no damage.
Your crimson imp hits the wyvern.
You hit the centaur but do no damage.
The centaur changes into a shapeshifter!
The shapeshifter changes into an anaconda!
The wyvern closely misses you.
Your crimson imp hits the wyvern but does no damage.
The wyvern bites you!
* * * LOW HITPOINT WARNING * * *
You hit the anaconda. Lightning courses through the anaconda!
The wyvern bites you!
* * * LOW HITPOINT WARNING * * *
The anaconda grabs you. The anaconda bites you!
You die...

. .. ..# ..
#.##.### ####
#.....@##...###.
.$.....Sl<.......
###....5..[....##
#######.%....#
#......# #.....##
#....## #.####
..#


You could see an anaconda shaped shifter, a wyvern and a friendly crimson imp
(summoned).

Vanquished Creatures
  An ice beast (D:7)
  2 sky beasts
  2 ogres
  A centaur (D:6)
  Blork the orc (D:6)
  A bullfrog (D:7)
  3 scorpions
  A water moccasin skeleton (D:6)
  6 wights (D:7)
  2 howler monkeys
  A crimson imp (D:7)
  2 orc priests
  8 orc wizards
  Crazy Yiuf (D:6)
  3 hounds
  2 iguanas
  6 worker ants
  A killer bee zombie (D:6)
  A hound zombie (D:5)
  12 adders
  A shadow imp (D:5)
  2 adder zombies (D:7)
  An adder skeleton (D:7)
  A worm (D:3)
  5 dart slugs
  A leopard gecko (D:2)
  26 orcs
  A ball python (D:4)
  4 giant cockroaches
  10 hobgoblins
  14 jackals
  4 kobolds
  2 quokkas
  A ball python skeleton (D:5)
  A bat (D:1)
  4 frilled lizards
  13 goblins
  2 jackal skeletons (D:4)
  A leopard gecko skeleton (D:4)
  2 rats
153 creatures vanquished.

Vanquished Creatures (collateral kills)
  Grinder (D:3)
  A bullfrog (D:4)
  A centaur zombie (D:6)
  A hound (D:6)
  2 mummies (D:5)
  Robin (D:3)
  4 gnolls (D:2)
  A dart slug (D:4)
  4 orcs
16 creatures vanquished.

Grand Total: 169 creatures vanquished

Notes
Turn   | Place    | Note
-------+----------+-------------------------------------------
     0 | D:1      | vurker the Human Wizard began the quest for the Orb.
     0 | D:1      | Reached XP level 1. HP: 13/13 MP: 4/4
   319 | D:1      | Reached XP level 2. HP: 20/20 MP: 0/6
   858 | D:1      | Found a shimmering altar of Xom.
   918 | D:1      | Reached XP level 3. HP: 25/25 MP: 4/7
  1199 | D:2      | Reached skill level 1 in Fighting
  1284 | D:2      | Learned a level 2 spell: Call Imp
  1287 | D:2      | Learned a level 2 spell: Blink
  1680 | D:2      | Reached XP level 4. HP: 28/32 MP: 0/9
  2679 | D:3      | Noticed Robin
  2751 | D:2      | Reached XP level 5. HP: 37/37 MP: 5/10
  2887 | D:3      | Killed Robin
  2894 | D:3      | Reached skill level 4 in Spellcasting
  2963 | D:3      | Noticed Grinder
  3037 | D:3      | Killed Grinder
  3037 | D:3      | Reached XP level 6. HP: 21/44 MP: 8/12
  3627 | D:3      | Found a blossoming altar of Fedhas.
  4075 | D:4      | Noticed an ogre
  4341 | D:4      | Reached XP level 7. HP: 27/51 MP: 12/14
  4489 | D:4      | Noticed tilp's ghost (amateur KoAM)
  4490 | D:4      | Found a runed translucent door.
  4493 | D:4      | Found a snail-covered altar of Cheibriados.
  4496 | D:4      | Found an iron altar of Okawaru.
  4499 | D:4      | Found an opulent altar of Gozag.
  4507 | D:4      | Reached skill level 5 in Spellcasting
  4991 | D:4      | Reached skill level 5 in Conjurations
  5288 | D:5      | Entered Level 5 of the Dungeon
  5357 | D:5      | Reached XP level 8. HP: 16/58 MP: 16/16
  5594 | D:5      | Learned a level 2 spell: Ensorcelled Hibernation
  5603 | D:5      | Found a sand-covered staircase.
  5610 | Ossuary  | Entered an ossuary
  6028 | D:5      | Reached skill level 1 in Ice Magic
  6567 | D:5      | Reached skill level 6 in Spellcasting
  6886 | D:6      | Noticed Blork the orc
  7345 | D:6      | Killed Blork the orc
  7669 | D:6      | Reached XP level 9. HP: 56/65 MP: 10/18
  8185 | D:6      | Found a runed translucent door.
  8186 | D:6      | Noticed Crazy Yiuf
  8273 | D:6      | Found a glowing silver altar of Zin.
  8274 | D:6      | Noticed an angel
  8403 | D:6      | Killed Crazy Yiuf
  8609 | D:7      | Found a staircase to the Ecumenical Temple.
  8621 | Temple   | Entered the Ecumenical Temple
  8658 | Temple   | Became a worshipper of Vehumet
  9074 | D:7      | Reached skill level 7 in Spellcasting
  9613 | D:7      | Reached * piety under Vehumet
  9613 | D:7      | Offered knowledge of Shock by Vehumet.
  9915 | D:8      | Noticed an anaconda
  9915 | D:8      | a shapeshifter changed into an anaconda
  9916 | D:8      | HP: 3/67 [wyvern (10)]
  9916 | D:8      | Mangled by an anaconda (shapeshifter)

Illustrated notes

Levels and vault maps discovered:
D:1:      lemuel_arrival_muddy, layout_loops_ring, xom_teletrap_fun
D:2:      layout_basic, minmay_tall_x
D:3:      layout_rooms, portal_sewer_entry_d, fedhas_altar_fruit_tree,
          uniq_grinder, uniq_robin
D:4:      layout_basic, grunt_temple_overflow_open, first_ration,
          hellmonk_ghost_happy_afterlife
D:5:      layout_loops_corners, enter_ossuary_1
D:6:      layout_layer_cave, zin_angel, uniq_blork_the_orc,
          uniq_crazy_yiuf_cottage
D:7:      layout_loops_corners, minmay_temple_entry_mist
D:8:      layout_rooms, erik_lair_dragon, serial_glass, glass_columns_a,
          glass_columns_a, glass_columns_b, glass_columns_a, glass_columns_a,
          glass_columns_a
Temple:   dpeg_five_rooms_temple

Skill      XL: |  1  2  3  4  5  6  7  8  9 |
---------------+----------------------------+-----
Fighting       | 1 2 3 4 |  4.8
Conjurations   | 2 3 4 5 6 |  6.4
Spellcasting   | 4 5 6 7 |  7.2
Ice Magic      | 2 4 |  4.5
Dodging        | 3 |  3.6
Stealth        | |  2.0
Summonings     | |  1.0
Translocations | |  1.0

Action                   |  1- 3 |  4- 6 |  7- 9 || total
-------------------------+-------+-------+-------++-------
Melee: Short sword       |    22 |    18 |    72 ||   112
       Quarterstaff      |       |       |    34 ||    34
 Cast: Magic Dart        |    67 |   113 |   336 ||   516
       Call Imp          |     4 |    18 |    28 ||    50
  Use: Scroll            |       |    11 |     6 ||    17
  Eat: Chunk             |     2 |     9 |    14 ||    25
       Ration            |       |       |     1 ||     1
Armor: Robe              |     3 |    10 |    56 ||    69
       Skin              |       |       |     1 ||     1
Dodge: Dodged            |    24 |    25 |   152 ||   201

Table legend:
 A = Non-vault XP
 B = Vault XP
 C = Vault XP percentage of total XP
 D = Non-vault monster count
 E = Vault monster count
 F = Vault count percentage of total count
                 A         B        C        D         E       F
            +---------+---------+-------+---------+---------+-------
      Total |    2959 |     334 |  10.1 |     149 |      20 |  11.8
            +---------+---------+-------+---------+---------+-------
        D:1 |      29 |       0 |   0.0 |      16 |       0 |   0.0
        D:2 |      93 |      15 |  13.9 |      14 |       7 |  33.3
        D:3 |      84 |     180 |  68.2 |      14 |       9 |  39.1
        D:4 |     543 |       0 |   0.0 |      27 |       0 |   0.0
        D:5 |     477 |      19 |   3.8 |      26 |       2 |   7.1
        D:6 |     627 |     120 |  16.1 |      18 |       2 |  10.0
        D:7 |    1106 |       0 |   0.0 |      34 |       0 |   0.0
            +---------+---------+-------+---------+---------+-------
